 Dungeon Crawl Stone Soup version 0.29-a0-885-gb26ba3297d (webtiles) character file.

Game seed: 10603089044506354513

2127 dolemite99 the Grappler (level 9, -4/80 HPs)
             Began as a Troll Fighter on July 21, 2022.
             Was a Believer of Okawaru.
             Slain by a hornet (8 damage)
             ... on level 8 of the Dungeon.
             The game lasted 00:09:41 (6970 turns).

dolemite99 the Grappler (Troll Fighter)             Turns: 6970, Time: 00:09:41

Health: -4/80      AC:  4    Str: 26    XL:     9   Next: 8%
Magic:  8/8        EV:  9    Int:  4    God:    Okawaru [**....]
Gold:   351        SH: 11    Dex: 13    Spells: 8/8 levels left

rFire   . . .      SeeInvis .     - Unarmed
rCold   . . .      Faith    .   b - +1 kite shield
rNeg    . . .      Spirit   .   a - +0 robe
rPois   .          Reflect  .   (helmet restricted)
rElec   .          Harm     .   (no cloak)
rCorr   .          Rampage  .   (gloves unavailable)
Will    .....                   (boots unavailable)
Stlth   +.........              (no amulet)
HPRegen 1.03/turn               (no ring)
MPRegen 0.11/turn               (no ring)

@: lethally poisoned (-4 -> -6), slowed, very slow
A: large, unfitting armour, claws 3, regeneration 1, shaggy fur 1, tough skin 1
a: Renounce Religion, Heroism


You were on level 8 of the Dungeon.
You worshipped Okawaru.
Okawaru was pleased with you.
You visited 1 branch of the dungeon, and saw 8 of its levels.
You also visited: Ossuary.

You collected 351 gold pieces.

Inventory:

Missiles
 c - 2 throwing nets (quivered)
 l - 2 atropa-tipped darts
 n - 5 poisoned darts
 v - 4 javelins
Armour
 a - a +0 robe (worn)
 b - a +1 kite shield (worn)
Jewellery
 g - a ring of flight
 j - a ring of positive energy
 t - a ring of poison resistance
Wands
 m - a wand of mindburst (6)
 x - a wand of light (7)
Scrolls
 h - a scroll of magic mapping
 k - 8 scrolls of teleportation
 q - a scroll of poison
 u - a scroll of silence
Potions
 d - 3 potions of ambrosia
 e - 3 potions of cancellation
 f - a potion of mutation {unknown}
 i - a potion of resistance {unknown}
 o - 3 potions of curing
 p - a potion of haste {unknown}
 r - 3 potions of flight
 s - a potion of heal wounds {unknown}
 w - a potion of magic {unknown}


   Skills:
 - Level 2.4 Fighting
 - Level 2.4 Dodging
 + Level 8.3 Shields
 + Level 8.7 Unarmed Combat


You had 8 spell levels left.
You didn't know any spells.
Your spell library contained the following spells:

 Spells                   Type           Power      Damage    Failure   Level
 Blink                    Tloc           0%         N/A       86%         2
 Poisonous Vapours        Pois/Air       0%         N/A       86%         2
 Corpse Rot               Necr/Pois/Air  0%         N/A       100%        4
 Manifold Assault         Tloc           0%         N/A       100%        5
 Storm Form               Tmut/Air       0%         N/A       100%        7


Dungeon Overview and Level Annotations

Branches:
Dungeon (8/15)             Temple (0/1) D:6         Ossuary (visited)
   Lair: D:8-11

Altars:
Cheibriados
Dithmenos
Hepliaklqana
Makhleb
Okawaru
Qazlal
Ru
Sif Muna
Trog
Uskayaw
Wu Jian
Xom
Yredelemnul
Zin

Shops:
D:1 !


Innate Abilities, Weirdness & Mutations

You are too large for most types of armour.
You have claws for hands.
Your natural rate of healing is unusually fast.
You are covered in fur. (AC +1)
You have tough skin. (AC +1)


Message History

You feel as though you will be slow longer.
The hornet stings you!
You feel as though you will be slow longer.
You can move again.
Unknown command.
You feel better. The hornet stings you!
* * * LOW HITPOINT WARNING * * *
You feel as though you will be slow longer.
The hornet closely misses you.
You feel better. The hornet stings you.
You are poisoned.
You feel as though you will be slow longer.
The hornet stings you.
You shrug off the repeated paralysis!
You feel better. The hornet stings you!
You are poisoned.
You feel as though you will be slow longer.
You block the hornet's attack.
You feel better. The hornet stings you!
* * * LOW HITPOINT WARNING * * *
You feel as though you will be slow longer.
The hornet stings you!
* * * LOW HITPOINT WARNING * * *
You feel as though you will be slow longer.
You block the hornet's attack.
You claw the hornet!
The hornet is almost dead.
You block the hornet's attack. x2
You feel better. The hornet stings you.
* * * LOW HITPOINT WARNING * * *
You feel as though you will be slow longer.
The hornet stings you!
* * * LOW HITPOINT WARNING * * *
You are poisoned.
You feel as though you will be slow longer.
You barely miss the hornet.
The hornet is almost dead.
* * * LOW HITPOINT WARNING * * *
You feel very sick. The hornet stings you!
You die...

#......))'............
#......).#.........###
######........###########
###....#........#
.......#..>.....#
#....#........#
+.............#
#....#.#####'##
+....#..Dy@..#
#....######### ......
.######


You could see a hornet and an acid dragon.

Vanquished Creatures
  Sigmund (D:3)
  A wraith (Ossuary)
  A black bear (D:6)
  An ogre (D:3)
  2 phantoms
  4 bullfrogs
  A necrophage (D:5)
  3 scorpions
  5 killer bees (D:7)
  3 hounds
  A jelly (D:4)
  4 orc priests
  2 gnoll boudas
  2 iguanas
  5 orc wizards
  A mummy (Ossuary)
  Robin (D:2)
  10 gnolls
  5 adders
  A white imp (D:7)
  2 ufetubi (D:6)
  2 dart slugs
  22 orcs
  4 ball pythons
  9 endoplasms
  2 giant cockroaches
  14 goblins
  15 hobgoblins
  9 kobolds
  3 quokkas
  6 bats
  4 frilled lizards
  9 gnoll skeletons (Ossuary)
  7 kobold skeletons (Ossuary)
  9 orc skeletons (Ossuary)
  5 rats
176 creatures vanquished.

Notes
Turn   | Place    | Note
-------+----------+-------------------------------------------
     0 | D:1      | dolemite99 the Troll Fighter began the quest for the Orb.
     0 | D:1      | Reached XP level 1. HP: 22/22 MP: 0/0
   265 | D:1      | Found Tiocopte's Distillery.
   602 | D:2      | Reached XP level 2. HP: 28/29 MP: 1/1
   924 | D:2      | Reached XP level 3. HP: 36/36 MP: 2/2
  1418 | D:3      | Noticed Robin
  1561 | D:2      | Killed Robin
  1673 | D:3      | Noticed Sigmund
  1673 | D:3      | Noticed an ogre
  1674 | D:3      | Found a shimmering altar of Xom.
  1689 | D:3      | Found a faded altar of an unknown god.
  1699 | D:3      | Reached XP level 4. HP: 44/44 MP: 3/3
  1794 | D:3      | Killed an ogre
  1795 | D:3      | Reached XP level 5. HP: 42/50 MP: 4/4
  1975 | D:3      | Killed Sigmund
  1976 | D:3      | Reached skill level 5 in Shields
  1976 | D:3      | Reached skill level 5 in Unarmed Combat
  1976 | D:3      | Reached XP level 6. HP: 37/59 MP: 5/5
  2166 | D:3      | Found a bloodstained altar of Trog.
  2334 | D:3      | Found a shadowy altar of Dithmenos.
  2335 | D:3      | Found an iron altar of Okawaru.
  2361 | D:3      | Found a glowing silver altar of Zin.
  2943 | D:4      | Found a shimmering blue altar of Sif Muna.
  2970 | D:4      | Reached XP level 7. HP: 51/66 MP: 6/6
  3272 | D:4      | Found a stormy altar of Qazlal.
  3573 | D:3      | Became a worshipper of Warmaster Okawaru
  3604 | D:5      | Entered Level 5 of the Dungeon
  4280 | D:5      | Reached XP level 8. HP: 66/74 MP: 7/7
  4407 | D:6      | Found a sand-covered staircase.
  4414 | Ossuary  | Entered an ossuary
  4905 | D:6      | Found a basalt altar of Yredelemnul.
  4993 | D:6      | Reached * piety under Okawaru
  5252 | D:6      | Found a staircase to the Ecumenical Temple.
  5509 | D:6      | Found a hazy altar of Hepliaklqana.
  5596 | D:6      | Found an ornate altar of the Wu Jian Council.
  6245 | D:7      | Found a snail-covered altar of Cheibriados.
  6795 | D:8      | Reached XP level 9. HP: 80/80 MP: 8/8
  6891 | D:8      | Found a hide-covered altar of Uskayaw.
  6892 | D:8      | Found a sacrificial altar of Ru.
  6893 | D:8      | Found a burning altar of Makhleb.
  6905 | D:8      | Reached ** piety under Okawaru
  6954 | D:8      | Paralysed by a hornet for 1 turns
  6961 | D:8      | Paralysed by a hornet for 3 turns
  6970 | D:8      | HP: 4/80 [poisoned by a hornet]
  6970 | D:8      | Slain by a hornet

Illustrated notes

Levels and vault maps discovered:
D:1:      scummos_arrival_star, layout_basic, serial_shops,
          nicolae_shop_statue_plus
D:2:      layout_loops_corners
D:3:      minmay_diamond_boxcup, layout_loops_ring, zin_scriptorium,
          xom_butterflies, bloody_trog, gammafunk_temple_overflow_statue,
          dreamdust_ecumenical_altar_statues, uniq_sigmund, uniq_robin
D:4:      layout_loops_ring, nicolae_qazlal_eye_of_the_storm, lemuel_tele_altar
D:5:      layout_basic, interstate_on_off
D:6:      layout_rooms, mainiacjoe_overflow_cross_hatched,
          pdpol_wu_jian_five_deadly_venoms, yredelemnul_altar_generic,
          minmay_temple_entry_junction_2, enter_ossuary_1,
          kennysheep_decorative_pillar
D:7:      layout_gridville, overflow_temple_1_default
D:8:      layout_basic, chequers_temple_overflow_statue_of_worship, uniq_grum

Skill      XL: |  1  2  3  4  5  6  7  8 |
---------------+-------------------------+-----
Shields        | 3 4 5 6 8 |  8.3
Unarmed Combat | 3 4 5 6 8 |  8.7
Fighting       | |  2.4
Dodging        | |  2.4

Action                   |  1- 3 |  4- 6 |  7- 9 || total
-------------------------+-------+-------+-------++-------
Melee: Unarmed           |    89 |   127 |   258 ||   474
Throw: Dart              |       |     9 |    48 ||    57
  Use: Scroll            |     2 |     3 |    14 ||    19
       Potion            |       |     1 |     5 ||     6
 Stab: Sleeping          |     1 |     1 |       ||     2
       Confused          |       |       |     1 ||     1
       Distracted        |       |       |     1 ||     1
Armor: Robe              |    28 |    25 |    51 ||   104
Dodge: Dodged            |    24 |    40 |    67 ||   131
Block: Kite shield       |    26 |    47 |   110 ||   183

Table legend: (Time is in decaauts)
 A = Elapsed time spent in this place.
 B = Non-inter-level travel time spent in this place.
 C = Inter-level travel time spent in this place.
 D = Time resting spent in this place.
 E = Time spent auto-exploring this place.
 F = Levels seen in this place.
 G = Mean time per level.
                   A        B        C        D        E       F      G
               +--------+--------+--------+--------+--------+-----+--------+
         Total |   6997 |   6742 |    255 |   1451 |   3710 |   9 |  777.4 |
       Dungeon |   6544 |   6289 |    255 |   1302 |   3649 |   8 |  818.0 |
       Ossuary |    452 |    452 |      0 |    149 |     61 |   1 |  452.0 |
               +--------+--------+--------+--------+--------+-----+--------+

Top non-repeatable levels by time:
     D:2: 1097 daAuts
     D:3: 1084 daAuts
     D:7: 1010 daAuts
     D:4: 872 daAuts
     D:6: 831 daAuts
     D:5: 801 daAuts
     D:1: 567 daAuts
 Ossuary: 452 daAuts
     D:8: 279 daAuts
